 Dungeon Crawl Stone Soup version 0.30-a0-1164-ge08a67761e (webtiles) character file.

Game seed: 15037103564121635841

243 backslashecho the Sneak (level 6, -2/36 HPs)
             Began as an Octopode Earth Elementalist on Apr 29, 2023.
             Slain by a phantom (7 damage)
             ... on level 4 of the Dungeon.
             The game lasted 00:06:44 (2766 turns).

backslashecho the Sneak (OpEE)                      Turns: 2766, Time: 00:06:45

Health: -2/36      AC:  1    Str:  8    XL:     6   Next: 9%
Magic:  6/12       EV: 13    Int: 19    God:
Gold:   197        SH:  0    Dex: 12    Spells: 5/13 levels left

rFire   . . .        g - +1 dagger (venom)
rCold   . . .        (no shield)
rNeg    . . .        (helmet restricted)
rPois   .            (no amulet)
rElec   .            (no ring)
rCorr   .            (no ring)
SInv    .            (no ring)
Will    .....        (no ring)
Stlth   ++++         (no ring)
HPRegen 0.26/turn    (no ring)
MPRegen 0.13/turn    (no ring)
                     (no ring)

%: no passive effects
@: no status effects
A: almost no armour, amphibious, 8 rings, camouflage 1, gelatinous body 1,
(nimble swimmer 1), tentacles
a: no special abilities


You were on level 4 of the Dungeon.
You visited 1 branch of the dungeon, and saw 4 of its levels.

You collected 197 gold pieces.

Inventory:

Hand Weapons
 g - a +1 dagger of venom (weapon)
Missiles
 f - 6 curare-tipped darts
 m - 2 poisoned darts
Armour
 k - a +0 buckler
Jewellery
 x - a ring of resist corrosion
Wands
 v - a wand of flame (17)
Scrolls
 b - a scroll of magic mapping {unknown}
 c - a scroll of torment {unknown}
 d - 2 scrolls of poison {unknown}
 e - a scroll of fog {unknown}
 i - 2 scrolls of vulnerability {unknown}
 l - 3 scrolls of identify {unknown}
 o - 2 scrolls of blinking {unknown}
 p - 2 scrolls of enchant weapon {unknown}
 q - a scroll of teleportation {unknown}
 r - a scroll of brand weapon {unknown}
 s - a scroll of noise {unknown}
 t - a scroll of fear {unknown}
 u - a scroll of enchant armour {unknown}
Potions
 a - 2 potions of magic
 h - a potion of brilliance {unknown}
 j - a potion of attraction {unknown}
 n - a potion of mutation {unknown}
 w - a potion of might {unknown}


   Skills:
 - Level 2.0 Dodging
 + Level 4.9 Stealth
 * Level 4.2 Spellcasting
 - Level 1.0 Transmutations
 + Level 4.1 Earth Magic


You had 5 spell levels left.
You knew the following spells:

 Your Spells              Type           Power      Damage    Failure   Level
a - Sandblast             Erth           38%        2d10      2%          1
b - Petrify               Tmut/Erth      13%        N/A       43%         4
c - Stone Arrow           Conj/Erth      22%        3d8       17%         3

Your spell library contained the following spells:

 Spells                   Type           Power      Damage    Failure   Level
 Passwall                 Tmut/Erth      10%        N/A       7%          2
 Lesser Beckoning         Tloc           8%         N/A       21%         2
 Gell's Gravitas          Tloc           4%         N/A       38%         3
 Teleport Other           Tloc           4%         N/A       38%         3
 Blade Hands              Tmut           3%         N/A       94%         5
 Iron Shot                Conj/Erth      5%         9d2       100%        6
 Animate Armour           Summ/Erth      Unusable   N/A       N/A         4

Dungeon Overview and Level Annotations

Branches:
Dungeon (4/15)
 Temple: D:4-7

Altars:

Annotations:
D:2 exclusion: door


Innate Abilities, Weirdness & Mutations

You cannot wear most types of armour.
You are amphibious.
You can wear up to eight rings at the same time.
Your skin changes colour to match your surroundings (Stealth+).
Your rubbery body absorbs attacks. (AC +1, EV +1)
((You are camouflaged when in or above water. (Stealth+)))
You have tentacles for arms and can constrict up to eight enemies at once.


Message History

The phantom hits you.
The phantom blinks!
You blink.
The phantom hits you!
The phantom blinks!
You blink.
You take 14 damage, and have 18/36 hp.
MASSIVE DAMAGE!!
You now have 8/12 mp.
Casting: Sandblast (safe; 2% risk of failure)
Confirm with . or Enter, or press ? or * to list all spells.
Aiming: Sandblast (safe; 2% risk of failure)
Press: ? - help, Shift-Dir - straight line, f/p - phantom
Aim: a phantom (moderately damaged, 75% to hit)
The blast of sand hits the phantom.
The phantom is heavily damaged.
The phantom hits you!
You take 6 damage, and have 12/36 hp.
Casting: Sandblast (safe; 2% risk of failure)
Confirm with . or Enter, or press ? or * to list all spells.
Aiming: Sandblast (safe; 2% risk of failure)
Press: ? - help, Shift-Dir - straight line, f/p - phantom
Aim: a phantom (heavily damaged, 75% to hit)
The blast of sand hits the phantom!
The phantom is almost destroyed.
The phantom hits you!
* * * LOW HITPOINT WARNING * * *
The phantom blinks!
You blink.
The phantom closely misses you.
You take 7 damage, and have 5/36 hp.
You now have 7/12 mp.
Casting: Sandblast (safe; 2% risk of failure)
Confirm with . or Enter, or press ? or * to list all spells.
The spell is quite dangerous to miscast (17% risk of failure)!
Continue anyway?
Okay, then.
Casting: Stone Arrow (quite dangerous; 17% risk of failure)
Confirm with . or Enter, or press ? or * to list all spells.
Okay, then.
Unknown command.
Casting: Stone Arrow (quite dangerous; 17% risk of failure)
Confirm with . or Enter, or press ? or * to list all spells.
Aiming: Sandblast (safe; 2% risk of failure)
Press: ? - help, Shift-Dir - straight line, f/p - phantom
Aim: a phantom (almost destroyed, 75% to hit)
The blast of sand hits the phantom.
The phantom is almost destroyed.
The phantom hits you!
You die...

#.# #...#...#...##.#
#.#######...######.#
#..................#
##........⌠........#
#.................#
########...########
#...#...#...#
#.<.'.8§'.<.#
#...#W@.#...#
######+###### #...#
#.<.# #...# #####


You could see a phantom.

Vanquished Creatures
  A black bear (D:4)
  A scorpion (D:4)
  A gnoll (D:2)
  An adder (D:2)
  An ufetubus (D:4)
  A worm (D:3)
  2 dart slugs (D:2)
  2 orcs (D:3)
  2 bats
  3 endoplasms
  6 giant cockroaches
  7 goblins
  10 hobgoblins
  A kobold (D:3)
  A quokka (D:1)
  6 ball pythons
  3 frilled lizards
49 creatures vanquished.

Vanquished Creatures (others)
  A bush (D:4)
  4 plants (D:4)
5 creatures vanquished.

Grand Total: 54 creatures vanquished

Notes
Turn   | Place    | Note
-------+----------+-------------------------------------------
     0 | D:1      | backslashecho the Octopode Earth Elementalist began the
                  | quest for the Orb.
     0 | D:1      | Reached XP level 1. HP: 11/11 MP: 3/3
   228 | D:1      | Reached XP level 2. HP: 5/17 MP: 3/5
   812 | D:2      | Reached XP level 3. HP: 13/21 MP: 6/6
  1440 | D:2      | Reached XP level 4. HP: 17/27 MP: 5/8
  1444 | D:2      | Noticed a gnoll sergeant
  1444 | D:2      | Found the +5 woodcutter's axe
  2432 | D:4      | Noticed a black bear
  2484 | D:4      | Killed a black bear
  2485 | D:4      | Reached XP level 5. HP: 8/31 MP: 4/10
  2599 | D:4      | Noticed an ogre
  2618 | D:4      | Reached XP level 6. HP: 15/36 MP: 4/12
  2689 | D:3      | Learned a level 4 spell: Petrify
  2693 | D:3      | Learned a level 3 spell: Stone Arrow
  2766 | D:4      | Slain by a phantom

Illustrated notes

Levels and vault maps discovered:
D:1:      mrwooster_arrival_statue_3, layout_loops_ring
D:2:      layout_loops_cross, pf_guarded_unrand_woodcutter
D:3:      layout_basic
D:4:      layout_basic, serial_shops, shop, serial_forest,
          infiniplex_forest_corner_1, infiniplex_forest_pool,
          infiniplex_forest_3_way, infiniplex_forest_corner_1,
          infiniplex_forest_end_2, nicolae_elevator_lobby_plus

Skill      XL: |  1  2  3  4  5 |
---------------+----------------+-----
Stealth        | 3 4 |  4.9
Spellcasting   | 3 4 |  4.2
Earth Magic    | 4 |  4.1
Dodging        | |  2.0
Transmutations | |  1.0

Action                     |  1- 3 |  4- 6 || total
---------------------------+-------+-------++-------
  Melee: Unarmed           |     4 |       ||     4
         Tentacles         |     4 |     6 ||    10
         Constrict         |     7 |     7 ||    14
         Dagger            |    22 |    23 ||    45
   Cast: Sandblast         |    26 |    26 ||    52
   Stab: Sleeping          |     4 |     3 ||     7
 Armour: Skin              |     3 |     3 ||     6
  Dodge: Dodged            |    21 |    27 ||    48

Table legend: (Time is in decaauts)
 A = Elapsed time spent in this place.
 B = Non-inter-level travel time spent in this place.
 C = Inter-level travel time spent in this place.
 D = Time resting spent in this place.
 E = Time spent auto-exploring this place.
 F = Levels seen in this place.
 G = Mean time per level.
                   A        B        C        D        E       F      G
               +--------+--------+--------+--------+--------+-----+--------+
         Total |   2793 |   2502 |    291 |    173 |   1594 |   4 |  698.2 |
       Dungeon |   2793 |   2502 |    291 |    173 |   1594 |   4 |  698.2 |
               +--------+--------+--------+--------+--------+-----+--------+

Top non-repeatable levels by time:
     D:3: 869 daAuts
     D:2: 836 daAuts
     D:1: 789 daAuts
     D:4: 297 daAuts
